 Dungeon Crawl Stone Soup version 0.22-a0-608-g8a62e23 (webtiles) character file.

21 Mamutox the Ducker (level 2, -1/22 HPs)
             Began as a Demonspawn Gladiator on July 9, 2018.
             Slain by a kobold
             ... wielding a +0 short sword
              (4 damage)
             ... on level 2 of the Dungeon.
             The game lasted 00:03:01 (1119 turns).

Mamutox the Ducker (Demonspawn Gladiator)           Turns: 1119, Time: 00:03:01

Health: -1/22      AC:  4    Str: 14    XL:     2   Next: 65%
Magic:  2/2        EV: 13    Int:  9    God:
Gold:   60         SH:  0    Dex: 14    Spells: 1/1 levels left

rFire    . . .     SeeInvis .   a - +0 war axe
rCold    . . .     Gourm    .   (no shield)
rNeg     . . .     Faith    .   b - +0 leather armour
rPois    .         Spirit   .   c - +0 helmet
rElec    .         Reflect  .   (no cloak)
rCorr    .         Harm     .   (no gloves)
MR       .....                  (no boots)
Stlth    +.........             (no amulet)
HPRegen  0.07/turn              (no ring)
MPRegen  0.08/turn              (no ring)

@: no status effects
A: powered by pain 1
a: no special abilities


You were on level 2 of the Dungeon.
You were not hungry.

You visited 1 branch of the dungeon, and saw 2 of its levels.

You collected 60 gold pieces.

Inventory:

Hand Weapons
 a - a +0 war axe (weapon)
Missiles
 d - 3 throwing nets (quivered)
 e - 28 arrows
Armour
 b - a +0 leather armour (worn)
 c - a +0 helmet (worn)
 g - a +0 ring mail
Jewellery
 p - an uncursed ring of protection from fire {unknown}
Scrolls
 h - 2 scrolls of fog {unknown}
 i - 3 scrolls of identify {unknown}
 j - 2 scrolls of enchant armour {unknown}
 n - a scroll of remove curse {unknown}
 o - a scroll of blinking {unknown}
 q - a scroll of enchant weapon {unknown}
 r - a scroll of teleportation {unknown}
 s - a scroll of magic mapping {unknown}
Potions
 k - a potion of invisibility {unknown}
 l - a potion of curing {unknown}
 m - a potion of degeneration {unknown}
Comestibles
 f - 3 rations
 t - 2 chunks of flesh


   Skills:
 + Level 2.2 Fighting
 + Level 2.8 Axes
 - Level 2.0 Throwing
 + Level 0.4 Armour
 + Level 3.1 Dodging


You had one spell level left.
You didn't know any spells.
Your spell library was empty.

Dungeon Overview and Level Annotations

Branches:
Dungeon (2/15)

Altars:


Innate Abilities, Weirdness & Mutations

You sometimes gain a little power by taking damage.


Message History

You butcher the dart slug corpse.
t - 2 chunks of flesh
f - 3 rations (gained 1)
A kobold comes into view. It is wielding a short sword.
The kobold shouts!
The kobold hits you with a short sword.
A worm comes into view.
You hit the kobold but do no damage. The kobold hits you with a short sword.
You hit the kobold.
The kobold is moderately wounded.
The kobold closely misses you. The kobold hits you with a short sword.
* * * LOW HITPOINT WARNING * * *
You barely miss the kobold.
The kobold is moderately wounded.
The kobold barely misses you.
You closely miss the kobold. The kobold hits you with a short sword.
* * * LOW HITPOINT WARNING * * *
You hit the kobold but do no damage. The kobold completely misses you.
The kobold hits you with a short sword.
You die...

#.##.##w.#.#
###.##.##..# #
..........#
#.#...#.##
#.......#
#.......#
##.....## .
##..K### ..s
#....#@.####...##
#.#.###..........
....# ##..##...#
.#### ##.#.##.. #
#.#.##.#.# ###
#....รท.###..
#####.#.#.#
#.##..# #...#.#


You could see a kobold.

Vanquished Creatures
  A dart slug (D:2)
  A leopard gecko (D:1)
  2 ball pythons (D:1)
  3 giant cockroaches (D:1)
  2 goblins
  2 hobgoblins
  3 bats
  A frilled lizard (D:1)
  A kobold (D:1)
  2 rats
18 creatures vanquished.

Notes
Turn   | Place    | Note
-------+----------+-------------------------------------------
     0 | D:1      | Mamutox the Demonspawn Gladiator began the quest for the Orb.
     0 | D:1      | Reached XP level 1. HP: 16/16 MP: 1/1
    51 | D:1      | Reached skill level 3 in Dodging
   274 | D:1      | Gained mutation: You sometimes gain a little power by taking damage. [demonic ancestry]
   274 | D:1      | Reached XP level 2. HP: 22/22 MP: 2/2
  1119 | D:2      | Slain by a kobold

Vault maps used:
D:1:      lordsloth_arrival_two_stooges
D:2:      first_ration, hangedman_decor_lopped

Skill      XL: |  1  2 |
---------------+-------+-----
Dodging        | 3 |  3.1
Throwing       | 2 |  2.0
Fighting       | |  2.2
Axes           | |  2.8
Armour         | |  0.4

Action                   || total
-------------------------++-------
Melee: War axe           ||    66
 Stab: Sleeping          ||     1
  Eat: Chunk             ||     1
Armor: Leather armour    ||    21
Dodge: Dodged            ||    73

Table legend:
 A = Spawn XP
 B = Non-spawn XP
 C = Spawn XP percentage of total XP
 D = Spawn monster count
 E = Non-spawn monster count
 F = Spawn count percentage of total count
 G = Total turns spent on level
                    A         B        C        D         E        F      G
               +---------+---------+-------+---------+---------+-------+---------
         Total |       0 |      31 |   0.0 |       0 |      18 |   0.0 |  1119
               +---------+---------+-------+---------+---------+-------+---------
           D:1 |       0 |      21 |   0.0 |       0 |      13 |   0.0 |   940
           D:2 |       0 |      10 |   0.0 |       0 |       5 |   0.0 |   179
               +---------+---------+-------+---------+---------+-------+---------
